 Dungeon Crawl Stone Soup version 0.21.1-1-g345015f (webtiles) character file.

998 prawnwizard the Firebug (level 8, 0/41 HPs)
             Began as a Deep Elf Fire Elementalist on July 3, 2018.
             Shot with an arrow by a centaur (16 damage)
             ... on level 6 of the Dungeon.
             The game lasted 00:15:02 (4833 turns).

prawnwizard the Firebug (DEFE)                      Turns: 4833, Time: 00:15:02

Health: 0/41       AC:  3    Str:  5    XL:     8   Next: 0%
Magic:  7/18       EV: 15    Int: 23    God:
Gold:   241        SH:  0    Dex: 15    Spells: 8/18 levels left

rFire    . . .     SeeInvis .   r - +0 dagger
rCold    . . .     Gourm    .   (no shield)
rNeg     . . .     Faith    .   a - +0 robe
rPois    .         Spirit   .   (no helmet)
rElec    .         Reflect  .   (no cloak)
rCorr    .         Harm     .   p - +0 pair of gloves
MR       .....                  (no boots)
Stlth    +++.......             (no amulet)
HPRegen  0.13/turn              k - ring of stealth
MPRegen  0.16/turn              (no ring)

@: no status effects
A: no striking features
a: no special abilities


You were on level 6 of the Dungeon.
You were not hungry.

You visited 1 branch of the dungeon, and saw 6 of its levels.

You collected 241 gold pieces.

Inventory:

Hand Weapons
 r - a +0 dagger (weapon)
Armour
 a - a +0 robe (worn)
 p - a +0 pair of gloves (worn)
Jewellery
 k - a ring of stealth (left hand)
Wands
 v - a wand of acid (4)
Scrolls
 e - 5 scrolls of teleportation
 f - a scroll of amnesia {unknown}
 g - a scroll of magic mapping {unknown}
 h - 2 scrolls of fog {unknown}
 i - 6 scrolls of identify {unknown}
 j - 3 scrolls of blinking {unknown}
 l - 2 scrolls of remove curse {unknown}
 m - 2 scrolls of enchant weapon {unknown}
 t - 2 scrolls of enchant armour {unknown}
 y - a scroll of fear {unknown}
Potions
 d - a potion of heal wounds {unknown}
 n - a potion of resistance {unknown}
 o - a potion of haste {unknown}
 q - 3 potions of flight {unknown}
 s - a potion of brilliance {unknown}
 u - a potion of berserk rage {unknown}
 x - a potion of might {unknown}
Books
 b - a book of Flames

   Spells                             Type                      Level
   a - Flame Tongue                   Conjuration/Fire             1
   b - Throw Flame                    Conjuration/Fire             2
   c - Conjure Flame                  Conjuration/Fire             3
   d - Inner Flame                    Hexes/Fire                   3
   e - Sticky Flame                   Conjuration/Fire             4
   f - Fireball                       Conjuration/Fire             5
Comestibles
 c - 13 rations
 w - a chunk of flesh


   Skills:
 + Level 5.0 Dodging
 - Level 2.6 Stealth
 + Level 5.5 Spellcasting
 * Level 5.6 Conjurations
 * Level 6.8 Fire Magic


You had 8 spell levels left.
You knew the following spells:

 Your Spells              Type           Power        Failure   Level  Hunger
a - Flame Tongue          Conj/Fire      #####        1%          1    None
b - Throw Flame           Conj/Fire      #####.       1%          2    None
c - Sticky Flame          Conj/Fire      #####...     7%          4    ####...
d - Conjure Flame         Conj/Fire      #####...     1%          3    ##.....


Dungeon Overview and Level Annotations

Branches:
Dungeon (6/15)
 Temple: D:4-7

Altars:
Dithmenos
Fedhas


Message History

Press: ? - help, Shift-Dir - straight line, f - orc priest
Aim: an orc priest, wielding a hand axe The flame tongue hits the orc priest.
The orc priest is heavily wounded.
The orc warrior hits you from afar with a trident.
Casting: Flame Tongue
Confirm with . or Enter, or press ? or * to list all spells.
Aiming: Flame Tongue
Press: ? - help, Shift-Dir - straight line, f/p - orc priest
Aim: an orc priest, wielding a hand axe (heavily wounded)
The flame tongue hits the orc priest.
You kill the orc priest!
You have reached level 8!
You feel clever.
The orc warrior hits you from afar with a trident!!
The orc warrior closely misses you.
A centaur comes into view.
The centaur shouts!
The centaur wields a shortbow.
The centaur shoots an arrow.
The arrow hits you!
You die...

####............!..#
...................#
#####.....#........#
#.....c#........#
#...##..#........#
#.## #...o.......# #.
#.....##.#### #
#....###.###
#####....@.....#
#.......####.#.###
#...##<............##
.. #..............##
#.......รท.<.....#
##..............#
#..............#
#..............#
#..............#


You could see an orc warrior and a centaur.

Vanquished Creatures
  The ghost of Homage the Changer, a novice DrTm of Uskayaw (D:4)
  Grinder (D:4)
  A bullfrog (D:6)
  A scorpion (D:4)
  An orc priest (D:6)
  A gnoll shaman (D:4)
  A centaur skeleton (D:4)
  An iguana (D:6)
  Terence (D:1)
  3 orc wizards
  A hound zombie (D:6)
  4 adders
  2 gnolls (D:4)
  An adder zombie (D:5)
  3 worms (D:3)
  2 dart slugs
  3 leopard geckos
  13 orcs
  7 bats
  5 giant cockroaches
  6 goblins
  4 hobgoblins (D:1)
  12 jackals
  7 kobolds
  5 quokkas
  A ball python (D:3)
  14 frilled lizards
  10 rats
112 creatures vanquished.

Notes
Turn   | Place    | Note
-------+----------+-------------------------------------------
     0 | D:1      | prawnwizard the Deep Elf Fire Elementalist began the quest for the Orb.
     0 | D:1      | Reached XP level 1. HP: 10/10 MP: 6/6
    85 | D:1      | Reached XP level 2. HP: 15/15 MP: 0/8
   749 | D:1      | Reached skill level 4 in Fire Magic
   756 | D:1      | Reached XP level 3. HP: 18/19 MP: 3/9
  1019 | D:2      | Noticed Terence
  1085 | D:1      | Killed Terence
  1170 | D:2      | Reached XP level 4. HP: 24/24 MP: 8/11
  1872 | D:3      | Found a blossoming altar of Fedhas.
  1912 | D:3      | Learned a level 2 spell: Throw Flame
  1917 | D:3      | Learned a level 4 spell: Sticky Flame
  2258 | D:3      | Reached XP level 5. HP: 14/28 MP: 4/12
  3138 | D:4      | Reached skill level 5 in Fire Magic
  3328 | D:4      | Reached XP level 6. HP: 18/32 MP: 11/14
  3339 | D:3      | Learned a level 3 spell: Conjure Flame
  3518 | D:4      | Noticed Homage's ghost (novice DrTm)
  3614 | D:4      | Killed Homage's ghost
  3614 | D:4      | Reached XP level 7. HP: 36/36 MP: 0/16
  3917 | D:4      | Noticed Grinder
  3924 | D:4      | Killed Grinder
  3924 | D:4      | Reached skill level 5 in Spellcasting
  3924 | D:4      | Reached skill level 5 in Conjurations
  3924 | D:4      | Reached skill level 6 in Fire Magic
  4291 | D:5      | Entered Level 5 of the Dungeon
  4610 | D:5      | Found a shadowy altar of Dithmenos.
  4820 | D:6      | Reached skill level 5 in Dodging
  4823 | D:6      | Reached XP level 8. HP: 32/41 MP: 5/18
  4833 | D:6      | Shot with an arrow by a centaur

Skill      XL: |  1  2  3  4  5  6  7 |
---------------+----------------------+-----
Fire Magic     | 4 5 6 |  6.8
Conjurations   | 2 3 4 5 |  5.6
Dodging        | 3 4 5 |  5.0
Spellcasting   | 4 5 |  5.5
Stealth        | |  2.6

Action                   |  1- 3 |  4- 6 |  7- 9 || total
-------------------------+-------+-------+-------++-------
Melee: Unarmed           |       |     3 |       ||     3
       Dagger            |       |       |    43 ||    43
 Cast: Flame Tongue      |    46 |   138 |    44 ||   228
       Throw Flame       |       |     2 |     2 ||     4
       Conjure Flame     |       |     2 |       ||     2
       Sticky Flame      |       |       |     1 ||     1
  Use: Scroll            |       |     1 |       ||     1
 Stab: Sleeping          |       |       |     1 ||     1
  Eat: Chunk             |       |     8 |     4 ||    12
Armor: Robe              |     2 |     4 |     9 ||    15
Dodge: Dodged            |    11 |    19 |    43 ||    73
